 Dungeon Crawl Stone Soup version 0.31-a0-845-g9abc20d24f (webtiles) character file.

Game seed: 12071763199713303423

305 rageheart7 the Trooper (level 6, 0/34 HPs)
             Began as a Vine Stalker Fighter on Oct 2, 2023.
             Slain by a gnoll
             ... wielding a +0 club
             ... led by a gnoll sergeant
              (3 damage)
             ... on level 5 of the Dungeon.
             The game lasted 00:04:14 (2096 turns).

rageheart7 the Trooper (Vine Stalker Fighter)       Turns: 2096, Time: 00:04:14

Health: 0/34       AC: 12    Str: 18    XL:     6   Next: 39%
Magic:  0/7        EV:  9    Int:  8    God:
Gold:   129        SH:  5    Dex: 16    Spells: 5/5 levels left

rFire   . . .        e - +3 dagger
rCold   . . .        c - +0 buckler
rNeg    . . .        b - +0 scale mail
rPois   .            (no helmet)
rElec   .            l - +1 cloak
rCorr   .            (no gloves)
SInv    .            (no boots)
Will    .....        (no amulet) Stlth
                     k - +4 ring of protection
HPRegen 1.05/turn    (no ring)
MPRegen 0.10/turn

%: guardian spirit
@: no status effects
A: fangs 2, regeneration 1, magic shield, antimagic bite, no potion heal 2
a: no special abilities


You were on level 5 of the Dungeon.
You visited 1 branch of the dungeon, and saw 5 of its levels.

You collected 129 gold pieces.

Inventory:

Hand Weapons
 a - a +1 rapier
 e - a +3 dagger (weapon)
Missiles
 d - a throwing net
Armour
 b - a +0 scale mail (worn)
 c - a +0 buckler (worn)
 l - a +1 cloak (worn)
Jewellery
 k - a +4 ring of protection (left hand)
Scrolls
 g - 3 scrolls of revelation
 i - a scroll of enchant armour
 j - a scroll of vulnerability
 n - a scroll of blinking
 q - a scroll of teleportation
 t - a scroll of fog {unknown}
 u - a scroll of poison {unknown}
Potions
 f - a potion of berserk rage {unknown}
 h - 2 potions of mutation
 m - a potion of attraction {unknown}
 o - a potion of heal wounds
 p - a potion of curing {unknown}
 r - a potion of brilliance {unknown}


   Skills:
 + Level 4.4 Fighting
 + Level 3.8 Short Blades
 - Level 3.0 Armour
 - Level 3.3 Shields


You had 5 spell levels left.
You didn't know any spells.
Your spell library contained the following spells:

 Spells                   Type           Power      Damage    Failure   Level
 Slow                     Hex            0%         N/A       86%         1
 Confusing Touch          Hex            0%         N/A       99%         3
 Sigil of Binding         Hex            0%         N/A       99%         3
 Vampiric Draining        Necr           0%         2d6       99%         3


Dungeon Overview and Level Annotations

Branches:
Dungeon (4/15)
 Temple: D:4-7

Altars:
Dithmenos
Ru

Shops:
D:1 *   D:2 ?


Innate Abilities, Weirdness & Mutations

You have extremely sharp teeth.
Your natural rate of healing is unusually fast.
When hurt, damage is shared between your health and your magic reserves.
Your bite disrupts and absorbs the magic of your enemies.
Potions cannot restore your health.


Message History

You hit the gnoll sergeant but do no damage.
Your bite misses the gnoll sergeant.
The gnoll sergeant is moderately wounded.
You feel sick.
The gnoll sergeant completely misses you.
The gnoll closely misses you. The gnoll hits you but does no damage.
You hit the gnoll sergeant. You bite the gnoll sergeant. You drain its power.
You feel invigorated.
The gnoll sergeant is heavily wounded.
You feel sick.
The gnoll sergeant hits you with a +0 trident.
* * * LOW HITPOINT WARNING * * *
The gnoll barely misses you. The gnoll closely misses you.
Okay, then.
You hit the gnoll sergeant.
The gnoll sergeant is severely wounded.
You feel sick.
You are no longer poisoned.
You block the gnoll sergeant's attack.
The gnoll hits you from afar with a +0 spear.
* * * LOW HITPOINT WARNING * * *
You hit the gnoll sergeant but do no damage.
You bite the gnoll sergeant, but do no damage.
The gnoll sergeant is severely wounded.
The gnoll sergeant hits you but does no damage.
The gnoll barely misses you. x2
You hit the gnoll sergeant but do no damage.
The gnoll sergeant is severely wounded.
The gnoll sergeant hits you with a +0 trident.
* * * LOW HITPOINT WARNING * * *
The gnoll completely misses you. The gnoll hits you but does no damage.
Unknown command.
You hit the gnoll sergeant. You bite the gnoll sergeant. You drain its power.
You feel invigorated.
The gnoll sergeant is almost dead.
You hit the gnoll sergeant but do no damage.
The gnoll sergeant is almost dead.
The gnoll sergeant hits you but does no damage.
The gnoll hits you with a +0 club.
You die...

.g## ...##
♣♣ ...#
♣♣.♣♣g.##
♣..[♣...#
♣♣...♣♣..#
♣.._..♣.g#
..♣..[.)♣g.#
#.......@g##
###.....###
#######


You could see a gnoll sergeant and 2 gnolls.

Vanquished Creatures
  A gnoll sergeant (D:4)
  A hound (D:4)
  An iguana (D:4)
  An orc wizard (D:3)
  4 adders
  6 gnolls
  An ufetubus (D:4)
  3 worms (D:3)
  A dart slug (D:2)
  4 orcs
  4 bats
  2 endoplasms
  2 giant cockroaches (D:1)
  5 goblins
  3 hobgoblins
  5 jackals
  7 kobolds
  2 quokkas
  4 ball pythons
  5 rats
62 creatures vanquished.

Notes
Turn   | Place    | Note
-------+----------+-------------------------------------------
     0 | D:1      | rageheart7 the Vine Stalker Fighter began the quest for the
                  | Orb.
     0 | D:1      | Reached XP level 1. HP: 11/11 MP: 2/2
   230 | D:1      | Reached XP level 2. HP: 16/16 MP: 3/3
   389 | D:1      | Found Jioj's Assorted Antiques.
   912 | D:2      | Reached skill level 3 in Fighting
   912 | D:2      | Reached XP level 3. HP: 20/20 MP: 4/4
   920 | D:2      | Found a sacrificial altar of Ru.
   978 | D:2      | Found Wuteahei's Magic Scroll Boutique.
  1401 | D:3      | Reached XP level 4. HP: 18/24 MP: 5/5
  1546 | D:3      | Reached XP level 5. HP: 26/28 MP: 4/6
  1899 | D:4      | Reached skill level 4 in Fighting
  2020 | D:4      | Reached XP level 6. HP: 33/33 MP: 7/7
  2054 | D:4      | You fall into a shaft and drop 1 floor!
  2054 | D:5      | Entered Level 5 of the Dungeon
  2054 | D:5      | Found a shadowy altar of Dithmenos.
  2092 | D:5      | HP: 1/34 [gnoll/+0 spear[a gnoll sergeant] (2)]
  2096 | D:5      | Slain by a gnoll

Illustrated notes

Levels and vault maps discovered:
D:1:      erik_arrival_cave_to_civilisation [erik_arrival_cave_to_hall],
          layout_loops_ring, serial_shops, nicolae_shop_advertising_works
          [nicolae_subvault_shop_adworks]
D:2:      layout_basic, basic_altar, serial_shops,
          nicolae_shop_tiny_statue_garden
D:3:      layout_rooms, hex_large
D:4:      layout_basic, minmay_temple_entry_offerings, serial_shops,
          kennysheep_mini_moat, minivault_11
D:5:      layout_basic, mainiacjoe_overflow_two_lobes,
          chequers_serial_rivers_micro_e, uniq_grinder, uniq_blork_the_orc,
          uniq_duvessa

Skill      XL: |  1  2  3  4  5 |
---------------+----------------+-----
Short Blades   | 2 3 |  3.8
Fighting       | 3 4 |  4.4
Shields        | 3 |  3.3
Armour         | 3 |  3.0

Action                     |  1- 3 |  4- 6 || total
---------------------------+-------+-------++-------
  Melee: Rapier            |    90 |    25 ||   115
         Bite              |    31 |    48 ||    79
         Dagger            |       |   113 ||   113
    Use: Scroll            |     7 |     2 ||     9
         Potion            |       |     2 ||     2
 Armour: Scale mail        |    87 |   101 ||   188
  Dodge: Dodged            |    53 |    68 ||   121
  Block: Buckler           |    24 |    41 ||    65

Table legend: (Time is in decaauts)
 A = Elapsed time spent in this place.
 B = Non-inter-level travel time spent in this place.
 C = Inter-level travel time spent in this place.
 D = Time resting spent in this place.
 E = Time spent auto-exploring this place.
 F = Levels seen in this place.
 G = Mean time per level.
                   A        B        C        D        E       F      G
               +--------+--------+--------+--------+--------+-----+--------+
         Total |   2094 |   2011 |     83 |      0 |   1535 |   5 |  418.8 |
       Dungeon |   2094 |   2011 |     83 |      0 |   1535 |   5 |  418.8 |
               +--------+--------+--------+--------+--------+-----+--------+

Top non-repeatable levels by time:
     D:1: 882 daAuts
     D:2: 490 daAuts
     D:3: 485 daAuts
     D:4: 198 daAuts
     D:5: 37 daAuts
